 Dungeon Crawl Stone Soup version 0.31.0-11-ge490571c62 (webtiles) character file.

Game seed: 9661554846611600930

13325 Pooter the Cleaver (level 11, -2/151 HPs)
             Began as a Minotaur Berserker on Feb 2, 2024.
             Was a Priest of Trog.
             Slain by a two-headed ogre
             ... wielding a +0 giant spiked club
              (16 damage)
             ... on level 2 of the Orcish Mines on Feb 3, 2024.
             The game lasted 00:58:36 (12123 turns).

Pooter the Cleaver (Minotaur Berserker)            Turns: 12123, Time: 00:58:36

Health: -2/151     AC: 14    Str: 30    XL:     11   Next: 74%
Magic:  0/10       EV:  9    Int:  6    God:    Trog [***...]
Gold:   28         SH:  8    Dex: 17    Spells: 10/10 levels left

rFire   + . .        a - +3 war axe
rCold   + . .        u - +0 kite shield
rNeg    + . .        g - +2 chain mail of the Final Mouths {*Slow +Inv Regen+ Dex+7}
rPois   .            (helmet restricted)
rElec   .            n - scarf {rC+ rF+}
rCorr   .            R - +0 pair of gloves
SInv    .            A - +1 pair of boots
Will    .....        G - amulet of guardian spirit Stlth
                     N - ring of positive energy
HPRegen 1.25/turn    H - +6 ring of strength
MPRegen 0.12/turn

%: slow self (1%), guardian spirit
@: berserking, very quick
A: horns 2, retaliatory headbutt
a: Renounce Religion, Evoke Invisibility, Berserk, Trog's Hand


You were on level 2 of the Orcish Mines.
You worshipped Trog.
Trog was most pleased with you.
You visited 2 branches of the dungeon, and saw 12 of its levels.

You collected 689 gold pieces.
You spent 661 gold pieces at shops.

Inventory:

Hand Weapons
 a - a +3 war axe (weapon)
   (You found it on level 1 of the Dungeon)
 b - a +5 sling of freezing
   (You bought it in a shop on level 1 of the Dungeon)
 c - a +2 whip of flaming
   (You took it off Pikel on level 8 of the Dungeon)
 v - a +0 trident
   (You took it off a gnoll sergeant on level 4 of the Dungeon)
 J - a +4 dire flail
   (You took it off a wight on level 7 of the Dungeon)
Missiles
 j - 16 poisoned darts
 k - 24 boomerangs (quivered)
 I - a curare-tipped dart
 Q - 125 stones
Armour
 g - the +2 chain mail of the Final Mouths (worn) {*Slow +Inv Regen+ Dex+7}
   (You found it on level 3 of the Dungeon)

   Dex+7:     It affects your dexterity (+7).
   +Inv:      It lets you turn invisible.
   Regen+:    It increases your rate of health regeneration.
   *Slow:     It may slow you when you take damage.
 n - a scarf of resistance (worn)
   (You bought it in a shop on level 1 of the Dungeon)
 u - a +0 kite shield (worn)
   (You found it on level 5 of the Dungeon)
 y - a +2 chain mail of positive energy
   (You took it off Duvessa on level 5 of the Dungeon)
 A - a +1 pair of boots (worn)
   (You found it on level 8 of the Dungeon)
 B - a +0 plate armour of cold resistance
   (You took it off an orc warrior on level 8 of the Dungeon)
 M - a +2 ring mail of poison resistance
   (You took it off an orc on level 8 of the Dungeon)
 R - a +0 pair of gloves (worn)
   (You found it on level 9 of the Dungeon)
Jewellery
 F - a ring of flight
   (You bought it in a shop on level 1 of the Dungeon)
 G - an amulet of guardian spirit (around neck)
   (You found it on level 7 of the Dungeon)
 H - a +6 ring of strength (right hand)
   (You found it on level 7 of the Dungeon)
 N - a ring of positive energy (left hand)
   (You bought it in a shop on level 1 of the Dungeon)
Wands
 d - a wand of iceblast (10)
   (You found it on level 4 of the Dungeon)
 f - a wand of flame (10)
   (You found it on level 5 of the Dungeon)
 x - a wand of acid (4)
   (You found it on level 7 of the Dungeon)
 D - a wand of digging (7)
   (You found it on level 4 of the Dungeon)
 E - a wand of charming (23)
   (You found it on level 5 of the Dungeon)
Scrolls
 e - 3 scrolls of vulnerability {!r}
 q - a scroll of fear
 t - 3 scrolls of teleportation {@r4}
 z - a scroll of blinking
 K - 2 scrolls of noise {!r}
Potions
 h - 4 potions of heal wounds {@q2}
 l - 2 potions of mutation {!q}
 m - 3 potions of attraction {!q}
 o - 4 potions of curing {@q1}
 p - 4 potions of enlightenment
 r - 7 potions of might
 C - a potion of haste {unknown}
 O - a potion of lignification {unknown}
 P - a potion of cancellation {unknown}


   Skills:
 + Level 10.5 Fighting
 * Level 14.4(14.5) Axes
 - Level 2.0(9.6) Maces & Flails
 * Level 10.2 Ranged Weapons
 - Level 3.2 Throwing
 - Level 2.4 Armour
 - Level 2.1 Dodging
 + Level 6.5 Evocations


You had 10 spell levels left.
You didn't know any spells.
Your spell library was empty.

Dungeon Overview and Level Annotations

Branches:
Dungeon (10/15) Zot: 26155  Temple (0/1) D:6             Orc (2/2) D:10 Zot: 10798
   Lair: D:8-11         Elf: Orc:2

Altars:
Elyvilon
Kikubaaqudgha
Okawaru
Ru
Wu Jian
Xom

Shops:
D:1 **   D:5 :   D:10 ?


Innate Abilities, Weirdness & Mutations

You have a pair of horns on your head.
You reflexively headbutt those who attack you in melee.


Message History

You kill the orc!
Trog accepts your kill.
You throw a boomerang. The boomerang hits the ogre.
A two-headed ogre comes into view.
It is wielding a +0 giant spiked club and a +0 giant club.
The ogre hits you with a +0 giant club! The orc priest hits you with a +0 club.
You block the orc priest's attack.
You climb upwards.
There is a stone staircase leading down, spattered with blood here.
You hit the orc priest but do no damage.
You slash the ogre! The ogre closely misses you.
You block the orc priest's attack.
You slash the orc priest! You headbutt the orc priest! You slash the ogre!
You kill the ogre!
Trog accepts your kill. The orc priest barely misses you.
You slash the orc priest!
You kill the orc priest!
Trog accepts your kill.
You now have enough gold to buy a scroll of identify on D:10.
You can access your shopping list by pressing '$'.
You now have 28 gold pieces (gained 13).
Items here: )))))) [[ รทรท.
You feel the effects of Trog's Hand fading.
Your skin stops crawling.
You feel less strong-willed.
Done exploring.
There is a stone staircase leading down, spattered with blood here.
You climb downwards.
The two-headed ogre hits you with a +0 giant spiked club!
The two-headed ogre completely misses you.
The troll bites you! The troll barely misses you. The troll claws you!
The two-headed ogre hits you with a +0 giant club!!
The two-headed ogre hits you with a +0 dire flail!
* * * LOW MAGIC WARNING * * *
* * * LOW HITPOINT WARNING * * *
The two-headed ogre barely misses you.
The two-headed ogre hits you with a +0 giant spiked club!!
* * * LOW MAGIC WARNING * * *
* * * LOW HITPOINT WARNING * * *
There is a stone staircase leading up, spattered with blood here.
A red film seems to cover your vision as you go berserk!
You feel yourself moving faster!
You feel mighty! The troll barely misses you. You furiously retaliate!
You headbutt the troll! The troll completely misses you.
The troll claws you but does no damage.
A two-headed ogre comes into view.
It is wielding a +0 giant club and a +0 giant spiked club.
The two-headed ogre hits you with a +0 giant spiked club!!
* * * LOW MAGIC WARNING * * *
* * * LOW HITPOINT WARNING * * *
The two-headed ogre hits you with a +0 giant club!
* * * LOW MAGIC WARNING * * *
You die...

......### .....
##.O....# .....
#$...$..##.....
#........$...#
#....)...O..#
#...[).....#
###.......##
##..[.T.....##
#.....@......#
#.....OOO....$#
##............#
#........$....
#.....#.##.....
.......###
..... .......
..... $.....
....


You could see 4 two-headed ogres, a troll and an ogre.

Vanquished Creatures
  A hydra (D:9)
  6 two-headed ogres
  Pikel (D:8)
  A cyclops (D:9)
  Maurice (Orc:1)
  A kobold blastminer (Orc:1)
  2 trolls
  2 hornets
  Grinder (D:4)
  A shadow (D:8)
  Sigmund (D:2)
  A wraith (D:9)
  5 yaks (D:9)
  3 vampire mosquitoes (D:10)
  3 water moccasins (D:7)
  Duvessa (D:5)
  A sky beast (D:6)
  12 orc warriors
  A black bear (D:4)
  6 ogres
  3 centaurs
  2 kobold brigands
  2 lemures (D:8)
  2 gnoll sergeants
  2 bullfrogs (D:7)
  A scorpion (D:5)
  4 wights
  6 killer bees (D:8)
  6 howler monkeys
  A bombardier beetle (D:4)
  12 orc priests
  A gnoll bouda (D:9)
  5 hounds
  4 jellies
  2 iguanas (D:4)
  12 orc wizards
  23 gnolls
  6 adders
  A white imp (D:5)
  2 ufetubi (D:6)
  2 dart slugs
  2 ribbon worms
  66 orcs
  8 endoplasms
  2 giant cockroaches (D:1)
  8 goblins
  14 hobgoblins
  7 quokkas
  5 ball pythons
  3 bats
  5 frilled lizards
  22 kobolds
  4 rats
296 creatures vanquished.

Vanquished Creatures (collateral kills)
  Dowan (D:5)
  2 gnolls (D:7)
  An orc (D:10)
4 creatures vanquished.

Vanquished Creatures (others)
  An orc wizard (Orc:1)
1 creature vanquished.

Grand Total: 301 creatures vanquished

Notes
Turn   | Place    | Note
-------+----------+-------------------------------------------
     0 | D:1      | Pooter the Minotaur Berserker began the quest for the Orb.
     0 | D:1      | Reached XP level 1. HP: 19/19 MP: 0/0
   122 | D:1      | Reached skill level 4 in Axes
   132 | D:1      | Reached XP level 2. HP: 27/27 MP: 1/1
   188 | D:1      | Found Lyek Betzu's Assorted Antiques.
   476 | D:1      | Found Epupeu's Assorted Antiques.
   827 | D:1      | Reached XP level 3. HP: 33/33 MP: 2/2
  1020 | D:1      | Bought a scroll labelled QUREIQALIN for 25 gold pieces
  1092 | D:2      | Reached ** piety under Trog
  1147 | D:2      | Noticed Sigmund
  1162 | D:2      | Killed Sigmund
  1163 | D:2      | Reached skill level 6 in Axes
  1163 | D:2      | Reached XP level 4. HP: 35/41 MP: 3/3
  1163 | D:2      | Reached XP level 5. HP: 40/47 MP: 4/4
  1327 | D:2      | Reached skill level 5 in Fighting
  1786 | D:3      | Identified the +2 chain mail of the Final Mouths {*Slow
                  | +Inv Regen+ Dex+7}
  2273 | D:4      | Reached XP level 6. HP: 40/56 MP: 5/5
  2392 | D:1      | Bought a scroll of identify for 38 gold pieces
  2717 | D:4      | Identified the +2 robe of Summer {rElec rF++ rC- Dex+2}
  2726 | D:4      | Reached *** piety under Trog
  2732 | D:4      | Reached skill level 7 in Axes
  2952 | D:4      | Reached XP level 7. HP: 52/62 MP: 6/6
  3276 | D:5      | Entered Level 5 of the Dungeon
  3280 | D:5      | Found a white marble altar of Elyvilon.
  3303 | D:5      | Noticed Grinder
  3305 | D:5      | Paralysed by Grinder for 3 turns
  3322 | D:4      | Killed Grinder
  3323 | D:4      | Reached skill level 8 in Axes
  3323 | D:4      | Reached skill level 1 in Evocations
  3532 | D:5      | Found Saroz's Vocational Training.
  3650 | D:5      | Reached XP level 8. HP: 71/71 MP: 7/7
  3694 | D:5      | Reached skill level 9 in Axes
  3877 | D:5      | Noticed Dowan
  3877 | D:5      | Noticed Duvessa
  3893 | D:5      | Killed Dowan
  3900 | D:5      | Killed Duvessa
  4165 | D:1      | Bought a runed sling for 85 gold pieces
  4399 | D:6      | Reached skill level 1 in Ranged Weapons
  4664 | D:1      | Bought a scroll labelled UFEPSUS XIQIR for 25 gold pieces
  4664 | D:1      | Bought a scroll labelled HYSILI NUEQ for 25 gold pieces
  4754 | D:6      | Found a staircase to the Ecumenical Temple.
  4767 | D:6      | Reached skill level 10 in Axes
  4928 | D:6      | Reached XP level 9. HP: 80/80 MP: 8/8
  5110 | D:1      | Bought a scroll labelled YRAMIS VIUWIXT for 25 gold pieces
  5886 | D:1      | Bought a glowing gilded ring for 95 gold pieces
  6210 | D:7      | Reached skill level 11 in Axes
  6669 | D:8      | Reached skill level 5 in Ranged Weapons
  7026 | D:8      | Reached skill level 1 in Maces & Flails
  7372 | D:8      | Noticed Pikel
  7378 | D:8      | Killed Pikel
  7453 | D:8      | Reached **** piety under Trog
  7457 | D:8      | Reached XP level 10. HP: 90/90 MP: 9/9
  7664 | D:1      | Bought a silver ring for 125 gold pieces
  7872 | D:8      | Paralysed by a hornet for 1 turns
  7878 | D:8      | Paralysed by a hornet for 2 turns
  8261 | D:9      | Noticed a two-headed ogre
  8267 | D:9      | Noticed a two-headed ogre
  8270 | D:9      | Killed a two-headed ogre
  8271 | D:9      | Reached skill level 12 in Axes
  8274 | D:9      | Killed a two-headed ogre
  8275 | D:9      | Reached skill level 5 in Evocations
  9061 | D:9      | Reached skill level 13 in Axes
  9326 | D:9      | Noticed a cyclops
  9342 | D:9      | Killed a cyclops
  9384 | D:9      | Reached XP level 11. HP: 99/99 MP: 10/10
  9387 | D:9      | Noticed a two-headed ogre
  9395 | D:9      | Killed a two-headed ogre
  9607 | D:9      | Noticed an eight-headed hydra
  9625 | D:9      | Killed an eight-headed hydra
 10158 | D:10     | Entered Level 10 of the Dungeon
 10401 | D:10     | Found an iron altar of Okawaru.
 10401 | D:10     | Found an ancient bone altar of Kikubaaqudgha.
 10415 | D:10     | Reached skill level 10 in Fighting
 10432 | D:10     | Found a shimmering altar of Xom.
 10446 | D:10     | Found an ornate altar of the Wu Jian Council.
 10446 | D:10     | Found a sacrificial altar of Ru.
 10490 | D:10     | Found Naped's Magic Scroll Boutique.
 10494 | D:10     | Bought a scroll of identify for 22 gold pieces
 10494 | D:10     | Bought a scroll of identify for 22 gold pieces
 10494 | D:10     | Bought a scroll of identify for 22 gold pieces
 10505 | D:10     | Found a staircase to the Orcish Mines.
 10514 | Orc:1    | Entered Level 1 of the Orcish Mines
 10528 | Orc:1    | Noticed a two-headed ogre
 10548 | D:10     | Killed a two-headed ogre
 10603 | Orc:1    | Noticed Maurice
 10612 | Orc:1    | Maurice stole a +4 dire flail
 10615 | Orc:1    | Killed Maurice
 10621 | Orc:1    | Reached skill level 14 in Axes
 10805 | Orc:1    | Noticed a two-headed ogre
 10812 | Orc:1    | Killed a two-headed ogre
 11492 | D:1      | Bought an embroidered scarf for 152 gold pieces
 11690 | Orc:2    | Entered Level 2 of the Orcish Mines
 11699 | Orc:2    | Noticed a two-headed ogre
 11761 | Orc:1    | Killed a two-headed ogre
 11762 | Orc:1    | Reached skill level 10 in Ranged Weapons
 12092 | Orc:2    | Noticed a two-headed ogre
 12095 | Orc:2    | Noticed a two-headed ogre
 12096 | Orc:2    | Noticed a two-headed ogre
 12123 | Orc:2    | Noticed a two-headed ogre
 12123 | Orc:2    | Slain by a two-headed ogre

Illustrated notes

Levels and vault maps discovered:
D:1:      tarquinn_simple_flora_water_b, layout_loops_cross, serial_shops,
          nicolae_diamond_shop, nicolae_shop_behind_doors
D:2:      layout_basic, uniq_sigmund
D:3:      layout_basic
D:4:      layout_gridville, nicolae_zig_zag_zippers
D:5:      layout_basic, mainiacjoe_overflow_small_starburst,
          nicolae_shop_vocational, uniq_duvessa, uniq_grinder
D:6:      layout_basic, minmay_temple_entry_stoned_glass, chequers_mini_garden
D:7:      layout_loops_ring
D:8:      layout_basic, nrook_uturn, uniq_pikel
D:9:      corexii_shack_village, layout_cave_pods, minmay_chambers_of_fives
D:10:     layout_basic, grunt_temple_overflow_open, david_lair_shrubbed,
          orc_0_dummy, serial_shops, shop, minmay_diced_spiral, uniq_snorg
Orc:1:    layout_caves, uniq_maurice
Orc:2:    st_orc_ogre_mass, layout_diamond_mine, basic_altar

Skill      XL: |  1  2  3  4  5  6  7  8  9 10 11 |
---------------+----------------------------------+-----
Axes           | 4 6 7 8 10 11 13 14 | 14.4
Fighting       | 4 5 6 7 8 9 10 | 10.5
Throwing       | 2 3 |  3.2
Evocations     | 2 3 4 5 6 |  6.5
Ranged Weapons | 3 6 8 10 | 10.2
Maces & Flails | 2 |  2.0
Armour         | |  2.4
Dodging        | |  2.1

Action                     |  1- 3 |  4- 6 |  7- 9 | 10-12 || total
---------------------------+-------+-------+-------+-------++-------
  Melee: Hand axe          |    43 |       |       |       ||    43
         War axe           |    39 |    85 |   173 |   182 ||   479
         Headbutt          |    11 |    10 |    23 |    43 ||    87
         Punch             |       |     2 |       |       ||     2
         Whip              |       |       |       |     4 ||     4
   Fire: Sling             |       |       |    71 |    82 ||   153
  Throw: Boomerang         |     2 |     2 |    16 |     5 ||    25
 Invoke: Berserk           |     2 |     1 |     7 |     9 ||    19
         Trog's Hand       |       |       |     9 |    17 ||    26
  Evoke: Wand              |       |       |     6 |    12 ||    18
    Use: Scroll            |     2 |     4 |     8 |    11 ||    25
         Potion            |       |       |     1 |       ||     1
   Stab: Betrayed ally     |       |       |     1 |       ||     1
         Confused          |       |       |       |     1 ||     1
 Armour: Animal skin       |    22 |       |       |       ||    22
         Scale mail        |    22 |    11 |       |       ||    33
         Chain mail        |       |    63 |   161 |   188 ||   412
  Dodge: Dodged            |    40 |    37 |    79 |    69 ||   225
  Block: Kite shield       |       |       |    31 |    95 ||   126
